 Dungeon Crawl Stone Soup version 0.22-a0-369-gc73351f (webtiles) character file.

6 Megalobster the Covered (level 2, 0/24 HPs)
             Began as a Human Fighter on Apr 25, 2018.
             Slain by a gnoll
             ... wielding a +3 whip
              (5 damage)
             ... on level 4 of the Dungeon.
             The game lasted 00:02:07 (965 turns).

Megalobster the Covered (Human Fighter)              Turns: 965, Time: 00:02:07

Health: 0/24       AC:  6    Str: 16    XL:     2   Next: 0%
Magic:  2/2        EV:  6    Int:  8    God:
Gold:   32         SH:  8    Dex: 12    Spells: 1/1 levels left

rFire    . . .     SeeInvis .   a - +0 rapier
rCold    . . .     Gourm    .   c - +0 shield
rNeg     . . .     Faith    .   b - +0 scale mail
rPois    .         Spirit   .   (no helmet)
rElec    .         Reflect  .   (no cloak)
rCorr    .         Harm     .   (no gloves)
MR       .....                  (no boots)
Stlth    ..........             (no amulet)
HPRegen  0.08/turn              (no ring)
MPRegen  0.08/turn              (no ring)

@: no status effects
A: no striking features
a: no special abilities


You were on level 4 of the Dungeon.
You were not hungry.

You visited 1 branch of the dungeon, and saw 3 of its levels.

You collected 32 gold pieces.

Inventory:

Hand Weapons
 a - a +0 rapier (weapon)
Missiles
 h - 63 stones (quivered)
Armour
 b - a +0 scale mail (worn)
 c - a +0 shield (worn)
Scrolls
 e - a scroll of noise {unknown}
 i - a scroll of identify {unknown}
Potions
 d - a potion of might
Comestibles
 f - 5 rations


   Skills:
 + Level 3.1 Fighting
 * Level 2.3 Short Blades
 + Level 3.1 Armour
 + Level 3.0 Shields


You had one spell level left.
You didn't know any spells.

Dungeon Overview and Level Annotations

Branches:
Dungeon (2/15)

Altars:
Kikubaaqudgha
The Shining One


Message History

2 gnolls come into view.
The gnoll moves out of view.
A worker ant comes into view.
The worker ant twitches its antennae in your direction.
A bullfrog skeleton comes into view.
The gnoll throws a throwing net.
The throwing net hits you.
You become entangled in the net!
Found a stone staircase leading down.
You see here a throwing net {!f}.
You tear a large gash into the net.
The gnoll hits you from afar with a halberd!
The gnoll hits you from afar with a spear.
The gnoll hits you with an enchanted whip.
You take 16 damage, and have 8/24 hp.
MASSIVE DAMAGE!!
You shred the net and break free! The gnoll barely misses you.
You block the gnoll's attack. The worker ant barely misses you.
The gnoll hits you from afar with a spear.
* * * LOW HITPOINT WARNING * * *
The gnoll hits you with an enchanted whip.
You die...

.# .. .###
......#.#...
.......>....##
...#....#>....
............. #
.........gZ.##.#
.........#ga...#
.......gg@.####
#...P..#.......
#.#..P..P...#####
#....P.P.##.#
#....#..PP..#
#._. ##..P### #..
P...# #. ..P## #
....#


You could see a worker ant, 4 gnolls and a bullfrog skeleton.

Vanquished Creatures
  A hobgoblin (D:1)
  A kobold (D:1)
  A ball python (D:1)
  A frilled lizard (D:1)
  3 rats (D:1)
7 creatures vanquished.

Notes
Turn   | Place    | Note
-------+----------+-------------------------------------------
     0 | D:1      | Megalobster the Human Fighter began the quest for the Orb.
     0 | D:1      | Reached XP level 1. HP: 18/18 MP: 1/1
   515 | D:1      | Found a glowing golden altar of the Shining One.
   613 | D:1      | Reached XP level 2. HP: 24/24 MP: 2/2
   960 | D:2      | You fall through a shaft for 2 floors!
   960 | D:4      | Found an ancient bone altar of Kikubaaqudgha.
   965 | D:4      | Slain by a gnoll

Vault maps used:
D:1:      lightli_arrival_windingriver, minivault_25, tso_altar
D:2:      cheibrodos_helix_gallery, marbit_many_paths, hex_medium
D:4:      wad_pebble_path, okawaru_trees_2, kiku_gazebo_garden_becter,
          lemuel_round_altar, gammafunk_temple_overflow_statue

Action                   || total
-------------------------++-------
Melee: Rapier            ||    18
Armor: Scale mail        ||     8
Dodge: Dodged            ||     4
Block: Shield            ||    10

Table legend:
 A = Spawn XP
 B = Non-spawn XP
 C = Spawn XP percentage of total XP
 D = Spawn monster count
 E = Non-spawn monster count
 F = Spawn count percentage of total count
 G = Total turns spent on level
                    A         B        C        D         E        F      G
               +---------+---------+-------+---------+---------+-------+---------
         Total |       0 |       9 |   0.0 |       0 |       7 |   0.0 |   965
               +---------+---------+-------+---------+---------+-------+---------
           D:1 |       0 |       9 |   0.0 |       0 |       7 |   0.0 |   918
               +---------+---------+-------+---------+---------+-------+---------
